 Dungeon Crawl Stone Soup version 0.30-a0-540-g0af01429fa (webtiles) character file.

Game seed: 3814147184353278940

6143 Lorrdernie the Summoner (level 10, -2/37 HPs)
             Began as a Felid Summoner on Dec 25, 2022.
             Was an Initiate of Gozag.
             Slain by a blink frog (14 damage)
             ... on level 1 of the Lair of Beasts.
             The game lasted 00:44:06 (14218 turns).

Lorrdernie the Summoner (Felid Summoner)           Turns: 14218, Time: 00:44:06

Health: -2/37      AC:  2    Str:  4    XL:     10   Next: 59%
Magic:  21/21      EV: 26    Int: 28    God:    Gozag
Gold:   1289       SH:  0    Dex: 22    Spells: 5/23 levels left
                                        Lives:  0   Deaths: 2

rFire   . . .      SeeInvis +    (weapon unavailable)
rCold   . . .      Faith    .    (shield unavailable)
rNeg    . . .      Spirit   .    (body armour unavailable)
rPois   .          Reflect  .    (helmet unavailable)
rElec   .          Harm     .    (cloak unavailable)
rCorr   .          Rampage  .    (gloves unavailable)
Will    +....                    (boots unavailable)
Stlth   ++++                     p - amulet of magic regeneration
HPRegen 0.26/turn                f - +6 ring of intelligence
MPRegen 0.57/turn                d - +6 ring of dexterity

@: quick
A: very small, claws 1, fangs 3, see invisible, speed 1, shaggy fur 2, stealthy
paws, no weapons or thrown items, no armour, multi-lived
a: Renounce Religion, Potion Petition, Call Merchant, Bribe Branch


You were on level 1 of the Lair of Beasts.
You worshipped Gozag.
Gozag was most pleased with you.
You visited 3 branches of the dungeon, and saw 11 of its levels.
You also visited: Sewer and Ossuary.

You collected 1599 gold pieces.
You spent 150 gold pieces at shops.
You paid 160 gold pieces to Gozag.

Inventory:

Jewellery
 b - a ring of fire
 d - a +6 ring of dexterity (right paw)
 f - a +6 ring of intelligence (left paw)
 p - an amulet of magic regeneration (around neck)
Wands
 t - a wand of flame (28)
 u - a wand of polymorph (6)
 x - a wand of roots (8)
 y - a wand of light (5)
 A - a wand of mindburst (11)
Scrolls
 h - a scroll of teleportation
 n - 3 scrolls of poison
 q - a scroll of fear
 r - 2 scrolls of blinking
 s - 5 scrolls of amnesia
 v - a scroll of silence
 z - 3 scrolls of identify
Potions
 a - 4 potions of magic
 c - a potion of brilliance
 e - 4 potions of curing
 g - 7 potions of haste
 i - 3 potions of attraction
 j - 8 potions of heal wounds
 k - 2 potions of lignification
 l - 6 potions of mutation
 m - 2 potions of resistance
 o - 6 potions of flight
 w - a potion of might
 B - a potion of berserk rage


   Skills:
 + Level 10.4 Dodging
 - Level 8.0 Stealth
 * Level 7.1 Spellcasting
 + Level 7.6 Hexes
 * Level 13.6 Summonings
 - Level 6.0 Air Magic


You had 5 spell levels left.
You knew the following spells:

 Your Spells              Type           Power      Damage    Failure   Level
a - Summon Small Mammal   Summ           100%       N/A       1%          1
b - Call Imp              Summ           72%        N/A       1%          2
c - Call Canine Familiar  Summ           72%        N/A       1%          3
d - Summon Guardian Gole  Hex/Summ       62%        N/A       1%          3
e - Summon Lightning Spi  Summ/Air       59%        N/A       1%          4
f - Summon Mana Viper     Hex/Summ       62%        N/A       1%          5

Your spell library contained the following spells:

 Spells                   Type           Power      Damage    Failure   Level
 Poisonous Vapours        Pois/Air       52%        N/A       2%          2
 Cigotuvi's Dreadful Rot  Necr/Pois/Air  42%        N/A       3%          2
 Summon Ice Beast         Ice/Summ       48%        N/A       3%          4
 Apportation              Tloc           18%        N/A       5%          1
 Magic Dart               Conj           36%        1d4       5%          1
 Mephitic Cloud           Conj/Pois/Air  21%        N/A       7%          3
 Alistair's Intoxication  Tmut/Pois      6%         N/A       83%         5
 Monstrous Menagerie      Summ           36%        N/A       17%         7


Dungeon Overview and Level Annotations

Branches:
Dungeon (9/15)             Temple (1/1) D:6            Lair (1/5) D:8
    Orc (0/2) D:9           Sewer (visited)         Ossuary (visited)

Altars:
Ashenzari
Cheibriados
Dithmenos
Elyvilon
Fedhas
Gozag
Hepliaklqana
Kikubaaqudgha
Makhleb
Nemelex Xobeh
Okawaru
Qazlal
Ru
Sif Muna
Trog
Uskayaw
Vehumet
Wu Jian
Xom
Yredelemnul
Zin
The Shining One

Shops:
D:1 *   D:4 *

Annotations:
D:9 2 runed translucent doors


Innate Abilities, Weirdness & Mutations

You have sharp claws.
You have razor-sharp teeth.
You have supernaturally acute eyesight. (SInv)
You cover ground quickly. (Speed+)
You are covered in thick fur. (AC +2)
Your paws help you pounce on unaware monsters.
You are incapable of wielding weapons or throwing items.
You cannot wear armour.
You gain extra lives every three experience levels.


Message History

The bullfrog completely misses you.
Unknown command.
You scratch the bullfrog but do no damage.
The bullfrog is almost dead.
The blink frog blinks!
Your warg closely misses the bullfrog.
The bullfrog misses you.
Unknown command.
You scratch the bullfrog but do no damage.
You bite the bullfrog.
You kill the bullfrog!
Your lightning spire disappears in a puff of smoke!
Unknown command.
You swap places.
The blink frog is no longer distracted by gold.
The blink frog blinks!
Your warg bites the blink frog!
You hear a croak.
You see here 7 gold pieces.
Unknown command.
The blink frog croaks.
The blink frog closely misses your warg.
The blink frog blinks! x2
The blink frog completely misses you. The blink frog closely misses you.
The blink frog misses you.
Your warg closely misses the blink frog.
The blink frog attacks as you move away!
The blink frog completely misses you.
The blink frog blinks!
Your warg barely misses the blink frog.
The blink frog attacks as you move away!
The blink frog completely misses you.
The blink frog blinks!
Your warg bites the blink frog!
The blink frog blinks!
You scratch the blink frog.
The blink frog is severely wounded.
The blink frog closely misses you. x2; The blink frog blinks!
The blink frog closely misses you. The blink frog hits you.
The blink frog hits you!
The blink frog blinks!
The blink frog blinks!
The blink frog hits you!
You die...
Your body crumbles into a pile of gold.

##......<....# #..##
#...####..#.#.###..#
#.............#.#.####..##
#..##..#........... ###.#
..................##.#
#.#...........###.F#..##
$.....P#.####...##...##..###
..###..### #.F............#
.. ..# ###..@.........P.#
#..§..####.###...# #
#..##§.##...###.#.####.
##..#..###............#
#.##h...#.....###.....
#.#...##.....# ##.....
#.#####§##F.#......# #.....#
#.....F.....#...###.#..##..#
####.h#$##.###..####.#.##...


You could see 3 blink frogs and a friendly warg (summoned).

Vanquished Creatures
  An elf zombie (Ossuary)
  2 bullfrogs
  An electric eel (D:7)
  An endoplasm (D:1)
  4 hobgoblins
  2 kobolds
  3 quokkas
  4 bats
  A frilled lizard (D:3)
  A goblin (D:2)
  A hobgoblin zombie (Ossuary)
  A kobold zombie (Ossuary)
  2 rats
24 creatures vanquished.

Vanquished Creatures (collateral kills)
  2 two-headed ogres
  Erica (D:8)
  The ghost of demibob the Grappler, a novice TrCK of Xom (D:8)
  Pikel (D:5)
  4 wolf spiders (D:9)
  A manticore (D:9)
  Maurice (D:8)
  A black mamba (D:9)
  Psyche (D:9)
  A hornet (D:8)
  2 blink frogs (Lair:1)
  A shadow (D:9)
  A wyvern (D:7)
  A yak (D:8)
  A redback (D:9)
  4 water moccasins
  The ghost of FakeRyeBread the Ruffian, an amateur TrMo (D:3)
  A black bear (D:8)
  3 orc warriors
  An ice beast (D:7)
  A lemure (D:5)
  Blork the orc (D:5)
  10 kobold brigands
  2 elf zombies (Ossuary)
  A necrophage (D:6)
  6 bullfrogs
  2 scorpions (D:8)
  8 wights
  A howler monkey (D:9)
  2 centaur zombies (Ossuary)
  2 gnoll boudas
  A hound (D:5)
  4 orc priests
  2 human zombies (Ossuary)
  An iguana (D:7)
  7 orc wizards
  2 mummies (Ossuary)
  A gnoll (D:3)
  9 adders
  A river rat (D:6)
  A shadow imp (D:6)
  A white imp (D:6)
  A worm (D:3)
  2 dart slugs (D:1)
  51 orcs
  4 bats
  5 endoplasms
  10 giant cockroaches
  6 goblins
  7 hobgoblins
  14 kobolds
  6 quokkas
  5 ball pythons
  15 frilled lizards
  A goblin zombie (Ossuary)
  7 hobgoblin zombies (Ossuary)
  A jackal zombie (Ossuary)
  12 kobold zombies (Ossuary)
  6 orc zombies (Ossuary)
  4 rats
  A rat zombie (Ossuary)
254 creatures vanquished.

Vanquished Creatures (others)
  2 wolf spiders (D:9)
  A cyclops (D:9)
  A black mamba (Lair:1)
  Joseph (D:9)
  A cane toad (Lair:1)
  Maggie (D:7)
  6 yaks (Lair:1)
  A vampire (D:9)
  A redback (D:9)
  A water moccasin (D:9)
  Edmund (D:5)
  2 ogres (D:5)
  A centaur (D:8)
  3 kobold brigands
  A bullfrog (D:8)
  A scorpion (D:6)
  3 wights (D:9)
  A worm (D:4)
  An orc (D:9)
  31 fungi (D:8)
  49 plants
110 creatures vanquished.

Grand Total: 388 creatures vanquished

Notes
Turn   | Place    | Note
-------+----------+-------------------------------------------
     0 | D:1      | Lorrdernie the Felid Summoner began the quest for the Orb.
     0 | D:1      | Reached XP level 1. HP: 7/7 MP: 4/4
   439 | D:1      | Reached XP level 2. HP: 11/11 MP: 1/6
   443 | D:1      | Learned a level 2 spell: Call Imp
   502 | D:1      | Found Litalim's General Store.
   875 | D:1      | Found a faded altar of an unknown god.
   975 | D:1      | Bought a potion of curing for 30 gold pieces
  1736 | D:2      | Reached XP level 3. HP: 14/14 MP: 5/7
  2986 | D:2      | Learned a level 3 spell: Call Canine Familiar
  3045 | D:3      | Reached XP level 4. HP: 18/18 MP: 5/8
  3115 | D:3      | Noticed FakeRyeBread's ghost (amateur TrMo)
  3117 | D:3      | Found a transporter.
  3262 | D:3      | Found a glowing golden altar of the Shining One.
  3549 | D:3      | Found a shimmering blue altar of Sif Muna.
  3722 | D:3      | Found a transporter.
  3852 | D:3      | Found a sparkling altar of Nemelex Xobeh.
  4154 | D:1      | Bought a potion of haste for 100 gold pieces
  4154 | D:1      | Bought a potion of degeneration for 10 gold pieces
  4154 | D:1      | Bought a scroll of noise for 10 gold pieces
  4267 | D:4      | Reached skill level 5 in Summonings
  4307 | D:4      | Found a sand-covered staircase.
  4334 | Ossuary  | Entered an ossuary
  4613 | Ossuary  | Reached skill level 1 in Hexes
  4613 | Ossuary  | Reached XP level 5. HP: 10/21 MP: 2/10
  4651 | Ossuary  | Reached skill level 1 in Air Magic
  4705 | Ossuary  | Gained mutation: You are covered in thick fur. (AC +2)
                  | [Felid growth]
  4705 | Ossuary  | Reached XP level 6. HP: 24/24 MP: 3/12
  5453 | D:4      | Found Zin's Purification Station.
  5454 | D:4      | Found a glowing silver altar of Zin.
  5493 | D:4      | Learned a level 3 spell: Summon Guardian Golem
  5668 | D:4      | Reached XP level 7. HP: 12/27 MP: 9/13
  5721 | D:4      | Learned a level 4 spell: Summon Lightning Spire
  6278 | D:5      | Entered Level 5 of the Dungeon
  6391 | D:5      | Reached skill level 6 in Summonings
  6504 | D:5      | Found a blossoming altar of Fedhas.
  6518 | D:5      | Reached skill level 5 in Stealth
  6718 | D:5      | Noticed Edmund
  6751 | D:5      | Killed Edmund
  6944 | D:5      | Noticed Pikel
  6948 | D:5      | Noticed Blork the orc
  6989 | D:5      | Killed Pikel
  6990 | D:5      | Reached skill level 5 in Dodging
  6990 | D:5      | Reached skill level 7 in Summonings
  6990 | D:5      | Reached XP level 8. HP: 25/31 MP: 4/16
  6993 | D:5      | Killed Blork the orc
  7705 | D:6      | Found a glowing drain.
  7736 | Sewer    | Entered a sewer
  7960 | Sewer    | Reached skill level 5 in Spellcasting
  8572 | D:6      | Found a staircase to the Ecumenical Temple.
  8781 | D:6      | Noticed a two-headed ogre
  8796 | D:6      | Killed a two-headed ogre
  8797 | D:6      | Reached skill level 8 in Summonings
  8797 | D:6      | Reached XP level 9. HP: 34/34 MP: 13/17
  9109 | D:7      | Noticed Maggie
  9117 | D:7      | Reached skill level 5 in Air Magic
  9127 | D:7      | Killed Maggie
  9128 | D:7      | Reached skill level 9 in Summonings
  9435 | D:7      | Found a snail-covered altar of Cheibriados.
  9651 | D:7      | Found a hazy altar of Hepliaklqana.
  9909 | Temple   | Entered the Ecumenical Temple
 10162 | D:7      | Found an opulent altar of Gozag.
 10372 | D:7      | Became a worshipper of Gozag Ym Sagoz the Greedy
 10533 | D:8      | Found a sacrificial altar of Ru.
 10562 | D:8      | Found a burning altar of Makhleb.
 10617 | D:8      | Noticed Maurice
 10650 | D:8      | Killed Maurice
 10667 | D:8      | Reached skill level 10 in Summonings
 10667 | D:8      | Reached XP level 10. HP: 37/37 MP: 15/18
 10892 | D:8      | Found a hide-covered altar of Uskayaw.
 10910 | D:8      | Found a staircase to the Lair.
 10928 | D:8      | Noticed Erica
 10937 | D:8      | Killed Erica
 10938 | D:8      | Reached skill level 11 in Summonings
 11051 | D:8      | Found a runed translucent gate.
 11051 | D:8      | Found a runed translucent gate.
 11051 | D:8      | Found a runed translucent gate.
 11052 | D:8      | Noticed demibob's ghost (novice TrCK)
 11188 | D:8      | Noticed a two-headed ogre
 11204 | D:8      | Killed a two-headed ogre
 11346 | D:8      | Found a radiant altar of Vehumet.
 11415 | D:8      | Reached skill level 12 in Summonings
 11436 | D:8      | Killed demibob's ghost
 11619 | D:3      | Killed FakeRyeBread's ghost
 12139 | D:8      | Found a shadowy altar of Dithmenos.
 12151 | D:8      | Reached skill level 5 in Hexes
 12224 | D:9      | Found an iron altar of Okawaru.
 12227 | D:9      | Noticed Psyche
 12251 | D:9      | Killed Psyche
 12252 | D:9      | Reached XP level 11. HP: 35/40 MP: 17/19
 12326 | D:9      | Noticed Joseph
 12377 | D:9      | Killed Joseph
 12591 | D:9      | Learned a level 5 spell: Summon Mana Viper
 12629 | D:9      | Found a staircase to the Orcish Mines.
 12692 | D:9      | Found a runed translucent gate.
 12692 | D:9      | Found a runed translucent gate.
 12692 | D:9      | Found a runed translucent gate.
 12692 | D:9      | Noticed a wolf spider
 12692 | D:9      | Noticed a wolf spider
 12701 | D:9      | Found a runed translucent door.
 12728 | D:9      | Found the +9 staff of Olgreb {rPois∞}
 12733 | D:9      | Found a runed translucent door.
 12757 | D:9      | Noticed a wolf spider
 12757 | D:9      | Noticed a wolf spider
 12758 | D:9      | Noticed a wolf spider
 12758 | D:9      | Noticed a wolf spider
 13319 | D:9      | Killed a wolf spider
 13336 | D:9      | Killed a wolf spider
 13340 | D:9      | Killed a wolf spider
 13341 | D:9      | Reached skill level 13 in Summonings
 13352 | D:9      | Slain by a wolf spider
 13353 | D:9      | Reached XP level 10. HP: -2/37 MP: 10/20
 13390 | D:9      | Killed a wolf spider
 13438 | D:9      | Killed a black mamba
 13483 | D:9      | Slain by a wolf spider
 13484 | D:9      | Reached XP level 9. HP: 0/34 MP: 18/19
 13553 | D:9      | Killed a wolf spider
 13554 | D:9      | Reached skill level 10 in Dodging
 13640 | D:9      | Killed a wolf spider
 13641 | D:9      | Reached XP level 10. HP: 23/37 MP: 20/20
 13907 | Lair:1   | Entered Level 1 of the Lair of Beasts
 13933 | Lair:1   | Noticed a cane toad
 13936 | Lair:1   | Noticed a black mamba
 13952 | Lair:1   | Killed a cane toad
 13973 | Lair:1   | Killed a black mamba
 14218 | Lair:1   | Slain by a blink frog

Illustrated notes

Levels and vault maps discovered:
D:1:      reono_arrival_mine, layout_loops_cross, serial_shops,
          nicolae_lakefront_shop, hellmonk_ecumenical_altar_zigzags,
          dk_noncrumbling_3, minmay_pentomino_r4
D:2:      minmay_chambers_of_twos, layout_basic, minmay_circle_x
D:3:      layout_basic, marbit_many_paths, lemuel_doored_altar,
          mainiacjoe_overflow_alcove_1, gammafunk_ghost_arena
D:4:      layout_basic, zin_purify, enter_ossuary_5
D:5:      layout_cave_pods, overflow_temple_1_default, uniq_pikel,
          uniq_blork_the_orc, uniq_edmund
D:6:      kennysheep_big_flooded_room, layout_loops_ring,
          minmay_temple_entry_from_below_b, portal_sewer_entry_b
D:7:      layout_rooms, nicolae_overflow_squiral,
          nicolae_gozag_cash_rules_everything_around_me, uniq_maggie
D:8:      layout_rooms, old_standard_altar, grunt_temple_overflow_open,
          nicolae_overflow_hidden_temple, due_lair_maze_entry_diamond,
          gammafunk_ghost_nasty_kobolds, chequers_serial_rivers_room_b,
          uniq_erica, uniq_maurice
D:9:      layout_basic, mainiacjoe_overflow_small_starburst, hiddenorc2_lemuel,
          minmay_guarded_unrand_staff_of_olgreb, uniq_joseph, uniq_psyche
Temple:   hellmonk_temple_flake
Lair:1:   layout_loops_ring, minivault_24

Skill      XL: |  1  2  3  4  5  6  7  8  9 10 11 |
---------------+----------------------------------+-----
Stealth        | 3 4 5 6 8 |  8.0
Dodging        | 3 4 5 6 10 9 | 10.4
Summonings     | 5 7 8 10 12 13 | 13.6
Spellcasting   | 3 4 5 7 6 |  7.1
Hexes          | 1 2 3 7 5 6 |  7.6
Air Magic      | 1 3 4 5 6 |  6.0

Action                   |  1- 3 |  4- 6 |  7- 9 | 10-12 || total
-------------------------+-------+-------+-------+-------++-------
Melee: Unarmed           |    27 |    52 |    18 |    30 ||   127
       Bite              |     3 |    10 |     7 |     5 ||    25
       Punch             |       |     1 |       |     2 ||     3
 Cast: Summon Small Mamm |    46 |    21 |     2 |     2 ||    71
       Call Imp          |    26 |    13 |    14 |     9 ||    62
       Call Canine Famil |       |    19 |    27 |    32 ||    78
       Summon Guardian G |       |       |    18 |    34 ||    52
       Summon Lightning  |       |       |     7 |    18 ||    25
       Summon Mana Viper |       |       |       |     1 ||     1
Evoke: Wand              |       |       |     3 |       ||     3
  Use: Potion            |       |     1 |       |     2 ||     3
       Scroll            |       |     6 |     9 |     4 ||    19
 Stab: Distracted        |     1 |       |       |       ||     1
       Sleeping          |     1 |     2 |     3 |       ||     6
Armor: Skin              |     2 |     8 |       |     5 ||    15
Dodge: Dodged            |    24 |    52 |    21 |   105 ||   202

Table legend: (Time is in decaauts)
 A = Elapsed time spent in this place.
 B = Non-inter-level travel time spent in this place.
 C = Inter-level travel time spent in this place.
 D = Time resting spent in this place.
 E = Time spent auto-exploring this place.
 F = Levels seen in this place.
 G = Mean time per level.
                   A        B        C        D        E       F      G
               +--------+--------+--------+--------+--------+-----+--------+
         Total |  12526 |  11647 |    879 |   2151 |   6216 |  13 |  963.5 |
       Dungeon |  10885 |  10015 |    870 |   1888 |   5573 |   9 | 1209.4 |
        Temple |    122 |    115 |      7 |      0 |    107 |   1 |  122.0 |
          Lair |    286 |    286 |      0 |    100 |     81 |   1 |  286.0 |
         Sewer |    486 |    486 |      0 |      0 |    333 |   1 |  486.0 |
       Ossuary |    745 |    745 |      0 |    163 |    121 |   1 |  745.0 |
               +--------+--------+--------+--------+--------+-----+--------+

Top non-repeatable levels by time:
     D:9: 1635 daAuts
     D:1: 1438 daAuts
     D:2: 1350 daAuts
     D:3: 1231 daAuts
     D:7: 1194 daAuts
     D:8: 1101 daAuts
     D:5: 1054 daAuts
     D:6: 1019 daAuts
     D:4: 860 daAuts
 Ossuary: 745 daAuts
   Sewer: 486 daAuts
  Lair:1: 286 daAuts
  Temple: 122 daAuts
